[Event "*** Titled Tuesday Blitz"]
[Site "Chess.com"]
[Date "2020.10.27"]
[Round "11"]
[White "KarstenHansch"]
[Black "deep306"]
[Result "1/2-1/2"]
[WhiteElo "2487"]
[BlackElo "2578"]
[TimeControl "180+1"]
[EndTime "12:07:24 PDT"]
[Termination "Game drawn by stalemate"]

1. e4 e6 2. d4 d5 3. exd5 exd5 4. Nf3 Nf6 5. Bd3 Bd6 6. Qe2+ Qe7 7. Qxe7+ Bxe7 8.
Bf4 c6 9. O-O h6 10. Re1 Be6 11. Nbd2 Nbd7 12. Nb3 b6 13. a4 a5 14. Ne5 Nxe5 15. Bxe5 O-O 16. c3 Nd7 17. Bg3 Rfe8 18. Re2 Bf8 19. Rae1 g6 20. Bxg6 b5 21. axb5 cxb5 22.
Bf5 a4 23. Nd2 Ra6 24. Bxe6 fxe6 25. f4 b4 26. f5 a3 27. fxe6 Nf6 28. e7 Rxe7 29.
Rxe7 Bxe7 30. Rxe7 bxc3 31. bxc3 a2 32. Nb3 Rb6 33.
Ra7 Rxb3 34. Rxa2 Ne4 35. Be1 Rb1 36. Kf1 Nxc3 37. Rc2 Nb5 38. Rc5 Nxd4 39. Rxd5 Nc2 40. Re5 Kf7 41. Kf2 Rb2 42. Re2 Nxe1 43. Kxe1 Rb1+ 44.
Kf2 Kf6 45. Kf3 Rb3+ 46. Kf4 Rb4+ 47. Kg3 Ra4 48. Rb2 Kg6 49. Rb6+ Kg7 50. Kh3 Rc4 51. g4 Rc2 52. Kg3 Ra2 53. h3 Ra3+ 54. Kh4 Rc3 55. Rb2 Ra3 56. Rg2 Rc3 57. Rg3 Rc4 58. Rb3 Rc5 59. Kg3 Rc4 60. Kf3 Ra4 61. Re3 Kg6 62. Re4 Ra3+ 63. Re3 Ra4 64. Kg3 Rb4 65. h4 Ra4 66. Kf3 Kf6 67. Rb3 Ra6 68. Rb4 Ra1 69. Rb6+ Kg7 70. Rb7+ Kf6 71. Rb3 Ra4 72. h5 Kg5 73.
Rb6 Rf4+ 74. Ke3 Rxg4 75. Rg6+ Kxh5 76. Rxg4 Kxg4 77. Kf2 Kh3 78. Kg1 h5 79. Kh1 h4 80.
Kg1 Kg3 81. Kh1 h3 82. Kg1 h2+ 83. Kh1 Kh3 1/2-1/2

[Event "*** Titled Tuesday Blitz"]
[Site "Chess.com"]
[Date "2020.10.27"]
[Round "11"]
[White "LuisFSiles"]
[Black "teacher4chess"]
[Result "1-0"]
[WhiteElo "2291"]
[BlackElo "2075"]
[TimeControl "180+1"]
[EndTime "12:07:27 PDT"]
[Termination "LuisFSiles won by resignation"]

1. d4 d5 2. c4 e6 3. Nc3 Be7 4.
Nf3 Nf6 5. Bf4 O-O 6. e3 b6 7.
Rc1 Bb7 8. Bd3 dxc4 9. Bxc4 Nbd7 10. O-O c5 11. d5 exd5 12. Nxd5 Nxd5 13. Bxd5 Bxd5 14.
Qxd5 Nf6 15. Qb3 Qd5 16. Rfd1 Qxb3 17. axb3 Rfd8 18. Ne5 Rxd1+ 19. Rxd1 Nh5 20. Nc6 Nxf4 21. Nxe7+ Kf8 22. Rd7 Ne2+ 23. Kf1 Nc1 24. Nf5 Nxb3 25. Nd6 f6 26. Nf5 a5 27. Rxg7 a4 28. Rxh7 Ra5 29.
h4 c4 30. h5 c3 31. bxc3 a3 32.
h6 Rxf5 33. Ra7 Rh5 34. Rxa3 Na5 35. c4 Rxh6 36. c5 f5 37. cxb6 Rxb6 38. Rxa5 Rf6 39. Ke2 Kf7 40. Kf3 Kg6 41. Ra7 Re6 42. g3 Kf6 43. Ra5 Rd6 44. g4 fxg4+ 45. Kxg4 Rb6 46. f4 Rb2 47. Ra6+ Kf7 48. e4 Rg2+ 49. Kf5 Rf2 50.
Ra7+ Ke8 51. e5 Re2 52. Ke6 Kf8 53. f5 Re1 54. f6 Kg8 55. Ra8+ Kh7 56. f7 Rf1 57.
f8=Q Rxf8 58. Rxf8 Kg7 59. Rf7+ Kg6 60. Ke7 Kg5 61. e6 Kg4 62. Kf8 Kg5 63. e7 Kg4 64. e8=R Kg3 65. Ke7 Kg4 66. Rg8+ 1-0

[Event "*** Titled Tuesday Blitz"]
[Site "Chess.com"]
[Date "2020.10.27"]
[Round "11"]
[White "Ajedrez_con_German"]
[Black "Triumphmate"]
[Result "1-0"]
[WhiteElo "2541"]
[BlackElo "2399"]
[TimeControl "180+1"]
[EndTime "12:07:35 PDT"]
[Termination "Ajedrez_con_German won by checkmate"]

1. Nf3 d5 2. d4 e6 3. Bf4 Be7 4.
e3 f5 5. Bd3 Nf6 6. h3 O-O 7. O-O c5 8. c3 Nc6 9. Nbd2 Ne4 10.
Ne5 Nxe5 11. Bxe5 Bd6 12. Bxd6 Qxd6 13. Bxe4 fxe4 14. f3 exf3 15. Nxf3 b6 16. Qe2 a5 17. Ne5 Ba6 18. Rxf8+ Qxf8 19. Qg4 Qe7 20. Re1 Rf8 21. Nf3 Bd3 22. Ne5 Bb5 23. Nf3 Qf6 24. Qg3 Bd3 25. Qe5 Qg6 26. Qg5 Qf7 27. Qg3 Qf6 28. Qe5 a4 29. a3 h6 30. Qg3 Kh7 31.
Ne5 Be4 32. Nd7 Qf7 33. Nxf8+ Qxf8 34. Rf1 Qe8 35. Qf4 Qb5 36. Qf2 Qd3 37. Kh2 Bf5 38. Kg1 Qc4 39. Qg3 b5 40. Rf2 b4 41. cxb4 cxb4 42.
axb4 Qxb4 43. Kh2 Qb3 44. Qf3 Be4 45. Qf4 Bg6 46. Qg3 a3 47. bxa3 Qxa3 48. Qf4 Qb3 49.
Rf3 Qc2 50. Rg3 Qd3 51. Qe5 Qa6 52. Rf3 Qb6 53. Rg3 Qc6 54. h4 h5 55. Qg5 Qc2 56. Qf4 Be4 57. Qg5 Bg6 58. Rf3 Be4 59. Qxh5+ Kg8 60.
Rg3 Qf2 61. Qg5 Qf7 62. Rg4 Bf5 63. Rf4 Qc7 64. Qg3 Qe7 65. Rf3 Be4 66. Rf4 Bf5 67.
Qg5 Qc7 68. g4 Qc2+ 69. Kg3 Be4 70. Qd8+ Kh7 71. Rf8 Qg2+ 72. Kf4 Qh2+ 73. Kg5 g6 74. Rh8+ Kg7 75. Qf8# 1-0

[Event "*** Titled Tuesday Blitz"]
[Site "Chess.com"]
[Date "2020.10.27"]
[Round "11"]
[White "zurzan"]
[Black "Kaliopa"]
[Result "1/2-1/2"]
[WhiteElo "2054"]
[BlackElo "2213"]
[TimeControl "180+1"]
[EndTime "12:07:38 PDT"]
[Termination "Game drawn - insufficient material"]

1. f4 d5 2. Nf3 c5 3. g3 Nc6 4.
Bg2 g6 5. O-O Bg7 6. d3 Nf6 7. c3 O-O 8. Qc2 Bf5 9. Nh4 Bd7 10.
e4 e6 11. e5 Ne8 12. Be3 b6 13. Na3 Rc8 14. Bf2 f6 15. exf6 Nxf6 16. Rae1 Ng4 17.
Nf3 a6 18. Ng5 Re8 19. h3 Nxf2 20. Rxf2 h6 21. Nf3 Qc7 22. Rfe2 Kh7 23. Qd2 e5 24.
fxe5 Nxe5 25. Nxe5 Rxe5 26. Rxe5 Bxe5 27. Qe2 Re8 28. Qf3 Bc6 29. Rf1 Kg7 30. d4 Bxg3 31.
dxc5 bxc5 32. Nc2 Bd6 33. Ne3 Rf8 34. Qg4 Rxf1+ 35. Kxf1 Qf7+ 36. Ke2 Bd7 37. Qf3 Qxf3+ 38. Kxf3 d4 39. cxd4 cxd4 40. Nd5 Bc6 41. Ke4 Bc5 42. Bf1 g5 43. Bd3 a5 44. Ke5 h5 45. Nc7 Kf7 46.
Ne6 Ba7 47. Nxd4 Bb8+ 48. Kf5 Bd7+ 49. Kxg5 Bxh3 50. Kxh5 Bg2 51. Nf5 Kf6 52. a3 Bf3+ 53. Kh4 Bd5 54. b4 axb4 55. axb4 Ba7 56. b5 Bb3 57.
Kg4 Ba4 58. Kf4 Bxb5 59. Bxb5 Bb8+ 60. Ke4 Ba7 61. Bd7 Bb8 62. Kd5 Bc7 63. Kc6 Be5 64. Bc8 Bf4 65. Kd5 Be5 66. Ke4 Bh2 67. Nd4 Bb8 68. Nf3 Bc7 69. Kd5 Bg3 70. Bd7 Bf4 71.
Nh4 Bb8 72. Ng2 Bg3 73. Ne3 Kg5 74. Nf5 Kf4 75. Nxg3 Kxg3 1/2-1/2

[Event "*** Titled Tuesday Blitz"]
[Site "Chess.com"]
[Date "2020.10.27"]
[Round "11"]
[White "wonderfultime"]
[Black "vladislavkovalev"]
[Result "0-1"]
[WhiteElo "2921"]
[BlackElo "2865"]
[TimeControl "180+1"]
[EndTime "12:07:43 PDT"]
[Termination "vladislavkovalev won by resignation"]

1. d4 Nf6 2. Nf3 e6 3. Bf4 d5 4. e3 Bd6 5. Nbd2 O-O 6. Bd3 c5 7.
c3 Qc7 8. Bxd6 Qxd6 9. Ne5 Nc6 10. f4 b6 11. O-O Bb7 12. Rf3 Ne7 13. Rh3 Ng6 14. Qf3 Rac8 15. Rf1 b5 16. g4 Ne4 17. Nxe4 dxe4 18. Bxe4 Bxe4 19. Qxe4 cxd4 20. exd4 b4 21. c4 Rfd8 22. Rd1 Qa6 23. b3 Qxa2 24. Nc6 Rxc6 25. Qxc6 Nxf4 26. Re3 Qc2 27. Qf3 g5 28. d5 h6 29. Ree1 a5 30. dxe6 Rxd1 31. Rxd1 Ne2+ 32. Kg2 Nd4+ 33. Qf2 Qe4+ 34. Kg3 Ne2+ 35. Kh3 Nf4+ 36. Kg3 Nxe6 37. Qf3 Qe5+ 38. Kg2 Nf4+ 39. Kh1 a4 40. bxa4 b3 41. Rb1 b2 42. Kg1 Qd4+ 43. Kf1 Qxc4+ 44. Kg1 Qc5+ 45. Kf1 Qc2 46. Qd1 Qg2+ 47. Ke1 Qg1+ 48. Kd2 Qd4+ 49. Kc2 Qxa4+ 50. Kxb2 Qb4+ 51. Ka2 Qa5+ 52. Kb3 Qb6+ 53. Kc3 Qc5+ 54. Kb2 Qf2+ 55. Qc2 Qd4+ 56. Ka2 Qa7+ 57. Kb2 Qd4+ 58. Ka3 Qd6+ 59. Ka2 Qa6+ 60. Kb2 Qb6+ 61. Qb3 Qf2+ 62. Ka3 Qc5+ 63.
Qb4 Qa7+ 64. Qa4 Qc5+ 65. Qb4 Qa7+ 66. Kb3 Qe3+ 67. Qc3 Qe6+ 68. Kb2 Qxg4 69. Ka1 Kh7 70. Rb8 Kg6 71. Rb6+ Kh5 72. Rb2 Qd1+ 73. Ka2 Qa4+ 74. Kb1 Qe4+ 75. Ka2 f5 76. Ka1 Qa8+ 77. Kb1 Qe4+ 78.
Ka1 Nd3 79. Rb1 Qa4+ 0-1

[Event "*** Titled Tuesday Blitz"]
[Site "Chess.com"]
[Date "2020.10.27"]
[Round "11"]
[White "Shuvalov"]
[Black "Nemsko"]
[Result "1-0"]
[WhiteElo "2490"]
[BlackElo "2330"]
[TimeControl "180+1"]
[EndTime "12:07:44 PDT"]
[Termination "Shuvalov won by resignation"]

1. Nf3 Nf6 2. c4 e6 3. g3 d5 4.
Bg2 Be7 5. O-O d4 6. e3 c5 7. exd4 cxd4 8. Ne5 O-O 9. d3 Nfd7 10. f4 f6 11. Nf3 Nc6 12. Nbd2 Nc5 13. Nb3 a5 14.
Nxc5 Bxc5 15. Re1 Re8 16. a3 a4 17. Bd2 e5 18. Nh4 Be6 19. f5 Bf7 20. Be4 Qd7 21.
b4 axb3 22. Qxb3 b6 23. Bb4 Na5 24. Qb2 Rab8 25. Reb1 Qc7 26. Qg2 Re7 27. g4 Nb7 28. g5 Kf8 29. g6 hxg6 30. Nxg6+ Bxg6 31. Qxg6 Nd6 32. Bd5 e4 33. Bxc5 Qxc5 34. dxe4 d3+ 35. Kh1 Nxe4 36. Qh7 Nf2+ 37. Kg2 Re2 38. Qh8+ Ke7 39.
Qxg7+ Kd6 40. Re1 Rbe8 41. Rxe2 Rxe2 42. Qf8+ Kc7 43. Qxc5+ bxc5 44. Kf3 Rc2 45. Be4 Nxe4 46. Kxe4 d2 47. Rd1 Rxc4+ 48. Kd3 Rd4+ 49. Kc3 Ra4 50. Kb3 Rd4 51. Kc3 Ra4 52. Rxd2 Rxa3+ 53. Kc4 Rh3 54. Kxc5 Rh5 55. Rf2 Kd7 56. Kd5 Ke7 57.
Ke4 Kf7 58. Kf4 Rh4+ 59. Kg3 Rh5 60. h4 Ke7 61. Kg4 Rh8 62. Ra2 Kd6 63. Re2 Rg8+ 64. Kf4 Rh8 65. Re6+ Kd7 66. Rxf6 Rxh4+ 67. Kg5 Rh1 68.
Re6 Rg1+ 69. Kf6 Rf1 70. Kg6 Rg1+ 71. Kf7 Rh1 72. Re3 Rh7+ 73. Kf6 Rh1 74. Kg6 Rg1+ 75. Kf7 Rh1 76. Rd3+ Kc7 77. f6 Rf1 78. Ke7 Re1+ 79. Kf8 Rf1 80. f7 Rg1 81. Ke7 Re1+ 82. Kf8 Rf1 83.
Rd4 Re1 84. Kg7 Rg1+ 85. Kf6 Rf1+ 86. Kg6 Rg1+ 87. Kf5 Rf1+ 88. Rf4 Rxf4+ 89. Kxf4 1-0

[Event "*** Titled Tuesday Blitz"]
[Site "Chess.com"]
[Date "2020.10.27"]
[Round "11"]
[White "Kotofeyca"]
[Black "Brave_spirit12"]
[Result "1/2-1/2"]
[WhiteElo "2368"]
[BlackElo "2494"]
[TimeControl "180+1"]
[EndTime "12:07:48 PDT"]
[Termination "Game drawn - insufficient material"]

1. d4 Nf6 2. c4 e6 3. Nf3 d5 4. Nc3 Be7 5. cxd5 exd5 6. Bg5 O-O 7. e3 c6 8. Qc2 Re8 9. Bd3 h6 10. Bh4 Ne4 11. Bxe4 Bxh4 12. Bh7+ Kh8 13. Bf5 Bf6 14. O-O Na6 15. a3 Qd6 16. b4 Nc7 17. Na4 b6 18. Rfc1 Bxf5 19. Qxf5 Re6 20. Rc3 Rae8 21.
Rac1 g6 22. Qc2 Qd7 23. Rxc6 Nb5 24. Rxe6 Qxe6 25. Qc6 Nxa3 26. Qxe6 Rxe6 27. Rc7 a5 28. bxa5 bxa5 29. Rxf7 Bg7 30. Ra7 Nc4 31. g4 Kh7 32.
Nc5 Rb6 33. Ne5 Kg8 34. Ned7 Rb1+ 35. Kg2 Rb2 36. Kg3 g5 37. Ne6 Nd2 38. Ndc5 Nf1+ 39. Kf3 Bf6 40. h3 Nd2+ 41. Kg2 Nc4 42. Nd7 Bg7 43. Kg3 Ra2 44. Nxg7 Kxg7 45. Nb6+ Kg6 46. Nxd5 Nd2 47. Ra6+ Kf7 48. Nf6 a4 49. e4 a3 50.
e5 Nc4 51. Ra7+ Ke6 52. Ne4 Rc2 53. Nc5+ Kd5 54. e6 a2 55. e7 Nd6 56. Ra5 Re2 57.
Nd3+ Kxd4 58. Nb4 Rxe7 59. Nxa2 Re2 60. Nb4 Ne4+ 61. Kg2 Rxf2+ 62. Kg1 Rb2 63. Nc6+ Ke3 64. Ra3+ Kf4 65. Ra4 Rb1+ 66. Kg2 Rb2+ 67. Kg1 Kf3 68. Ra3+ Ke2 69. Nd4+ Kd2 70. Nf3+ Kc1 71. Re3 Nc5 72. Re1+ Kc2 73. Re2+ Kc3 74. Rxb2 Kxb2 75. Nd4 Kc3 76. Nf5 Ne4 77. Nxh6 Kd3 78. Nf7 Ke3 79. Kg2 Kf4 80. Nh6 Nf6 81. Nf7 Nxg4 82. hxg4 Kxg4 83. Nxg5 1/2-1/2

[Event "*** Titled Tuesday Blitz"]
[Site "Chess.com"]
[Date "2020.10.27"]
[Round "11"]
[White "chessdjw"]
[Black "Guenplen"]
[Result "1/2-1/2"]
[WhiteElo "2664"]
[BlackElo "2832"]
[TimeControl "180+1"]
[EndTime "12:07:52 PDT"]
[Termination "Game drawn by repetition"]

1. d4 d5 2. c4 e6 3. Nc3 a6 4. cxd5 exd5 5. Qb3 c5 6. Qxd5 cxd4 7. Qxd8+ Kxd8 8. Ne4 Nc6 9. Bd2 Bf5 10. Ng3 Be6 11. Nf3 h6 12. a3 Nf6 13. O-O-O Bb3 14. Re1 Bc5 15. e3 Re8 16. Bd3 dxe3 17. Bxe3 Bxe3+ 18. Rxe3 Rxe3 19. fxe3 Be6 20. Nd4 Nxd4 21. exd4 Kc7 22. Bf5 Bd5 23. Re1 g6 24. Bd3 Kd6 25. Re2 h5 26.
Kd2 Rc8 27. Ne4+ Nxe4+ 28. Bxe4 Bxe4 29. Rxe4 b5 30. h4 Rc4 31. Kd3 Rc1 32. g3 Rg1 33.
Re3 Rg2 34. Kc3 Rf2 35. Kb3 f6 36. Kc3 a5 37. Kb3 Kd5 38. Kc3 Kc6 39. Re6+ Kd5 40. Rb6 Rf3+ 41. Kc2 Kxd4 42. Rxb5 Rxg3 43. Rxa5 g5 44.
Rf5 g4 45. Rxf6 Rh3 46. a4 Rxh4 47. a5 Rh1 48. a6 Ra1 49. Rg6 Ke3 50. b4 Kf3 51. b5 g3 52. b6 Rxa6 53. b7 Rxg6 54. b8=Q Rg4 55. Qb7+ Kf2 56. Qf7+ Kg2 57. Qxh5 Rf4 58.
Qd5+ Kh2 59. Qh5+ Kg2 60. Kd2 Rf2+ 61. Ke3 Rf1 62. Qd5+ Kg1 63. Qg5 Kg2 64. Qg4 Rf2 65.
Qe4+ Kg1 66. Qb1+ Kg2 67. Qe1 Rf3+ 68. Ke4 Rf2 69. Qd1 Kh2 70. Qh5+ Kg2 71. Ke3 Kg1 72. Qh3 g2 73. Qg3 Rf1 74. Ke2 Rf7 75. Qe3+ Kh2 76.
Qe5+ Kh3 77. Qh5+ Kg3 78. Qg6+ Kh3 79. Qh5+ Kg3 80. Qg5+ Kh3 81. Qh5+ 1/2-1/2

[Event "*** Titled Tuesday Blitz"]
[Site "Chess.com"]
[Date "2020.10.27"]
[Round "11"]
[White "MVM2008"]
[Black "NotFischer"]
[Result "1-0"]
[WhiteElo "2235"]
[BlackElo "2137"]
[TimeControl "180+1"]
[EndTime "12:07:52 PDT"]
[Termination "MVM2008 won by checkmate"]

1. e4 d5 2. exd5 Nf6 3. Nf3 Bg4 4. d4 Qxd5 5. Nc3 Bxf3 6. Nxd5 Bxd1 7.
Nxf6+ exf6 8. Kxd1 Nc6 9. c3 O-O-O 10. Bb5 Ne5 11. Kc2 Ng6 12. h4 Bd6 13. g3 c6 14. Bd3 Ne7 15. Bd2 g6 16. Rae1 Rhe8 17.
h5 Nd5 18. hxg6 Rxe1 19. Bxe1 hxg6 20. Bd2 f5 21. Rh7 Rd7 22. Bc4 b5 23. Bxd5 cxd5 24. Rh1 Kc7 25. Re1 Re7 26. Rxe7+ Bxe7 27. Bf4+ Kd7 28. Kb3 a6 29. a4 Kc6 30. axb5+ Kxb5 31. Be3 a5 32. Kc2 a4 33. Kb1 Kc4 34. Kc2 Bd8 35.
Bc1 Bc7 36. Bd2 Bd6 37. Bf4 Bxf4 38. gxf4 f6 39. f3 g5 40. Kb1 Kd3 41. Ka2 Ke3 42. Ka3 Kxf3 43. Kxa4 g4 44. b4 g3 45. b5 g2 46. b6 g1=Q 47. b7 Kxf4 48. b8=Q+ Ke4 49. Qe8+ Kd3 50. Qb5+ Ke3 51. Qxd5 Qa1+ 52. Kb3 Qb1+ 53. Ka4 Qc2+ 54. Kb5 Qd3+ 55. c4 Qxd4 56. Qxf5 Kd2 57. Qd5 Kc3 58. Qxd4+ Kxd4 59. c5 Kd5 60. c6 Kd6 61.
Kb6 f5 62. c7 f4 63. c8=Q f3 64. Qc3 f2 65. Qf3 f1=Q 66. Qxf1 Kd5 67. Qf4 Ke6 68. Qb4 Kd5 69. Qc5+ Ke6 70. Kb5 Kd7 71. Kc4 Ke6 72. Kd4 Kd7 73. Qd5+ Kc7 74. Ke5 Kb6 75. Kd6 Ka6 76. Qb3 Ka5 77. Kc6 Ka6 78. Qb6# 1-0

[Event "*** Titled Tuesday Blitz"]
[Site "Chess.com"]
[Date "2020.10.27"]
[Round "11"]
[White "Unknown_IM"]
[Black "MathiasWomacka"]
[Result "1/2-1/2"]
[WhiteElo "2338"]
[BlackElo "2490"]
[TimeControl "180+1"]
[EndTime "12:08:13 PDT"]
[Termination "Game drawn - timeout vs insufficient material"]

1. e4 c5 2. Nc3 Nc6 3. Bb5 Nd4 4. Nf3 Nxb5 5. Nxb5 d6 6. d4 Nf6 7. dxc5 Qa5+ 8. Nc3 Nxe4 9. O-O Nxc3 10. bxc3 Qxc5 11.
Be3 Qc7 12. Re1 e5 13. Nd2 Be7 14. c4 O-O 15. f4 Be6 16. c5 exf4 17. cxd6 Bxd6 18.
Bd4 Bc5 19. Ne4 Bxd4+ 20. Qxd4 Rfd8 21. Qf2 b6 22. Ng5 Bd5 23. Rad1 h6 24. Nh3 Bxa2 25. Nxf4 Rxd1 26. Rxd1 Rd8 27. Re1 Qc5 28. Qxc5 bxc5 29. Ra1 Bc4 30. Rxa7 Rd1+ 31. Kf2 Rd2+ 32. Ke3 Rxc2 33.
Rc7 Bb3 34. h4 g5 35. hxg5 hxg5 36. Nh5 Be6 37. g4 Kf8 38. Kd3 Rc1 39. Kd2 Rc4 40. Nf6 Kg7 41. Ne8+ Kg6 42. Kd3 Rxg4 43. Rxc5 Ra4 44.
Ke3 Ra3+ 45. Kf2 g4 46. Nd6 f5 47. Rc4 Kg5 48. Rb4 f4 49. Ne4+ Kh4 50. Rb8 Ra2+ 51. Ke1 g3 52. Rh8+ Kg4 53. Rg8+ Kf3 54. Nd2+ Ke3 55.
Nf1+ Kd4 56. Nxg3 fxg3 57. Rxg3 Bd5 58. Rh3 Be4 59. Rb3 Bd3 60. Rb8 Ke3 61. Re8+ Be4 62. Rd8 Ra1+ 63. Rd1 Ra2 64. Rd8 Rh2 65. Rf8 Re2+ 66.
Kd1 Ra2 67. Rc8 Rf2 68. Rc3+ Bd3 69. Kc1 Rf1+ 70. Kb2 Kd4 71. Rc8 Rb1+ 72. Ka2 Rb7 73. Ka3 Bc4 74. Ka4 Kc3 75. Ka5 Rb5+ 76. Ka6 Rb8+ 77. Ka7 Rxc8 78. Kb7 1/2-1/2